 Dungeon Crawl Stone Soup version 0.17-a0-1798-g879a7aa (webtiles) character file.

57 ololoev the Poker (level 3, -2/29 HPs)
             Began as a Draconian Skald on Sept 10, 2015.
             Killed by divine providence
             ... invoked by an orc priest
              (10 damage)
             ... on level 2 of the Dungeon.
             The game lasted 00:03:33 (1590 turns).

ololoev the Poker (Draconian Skald)                 Turns: 1590, Time: 00:03:34

Health: -2/29      AC:  6    Str: 14    XL:     3   Next: 73%
Magic:  3/7        EV: 11    Int: 13    God:
Gold:   111        SH:  0    Dex: 10    Spells: 2 memorised, 5 levels left

rFire  . . .     SeeInvis .     a - +0 spear
rCold  . . .     Clarity  .     (armour unavailable)
rNeg   . . .     SustAt   .     (no shield)
rPois  .         Gourm    .     (helmet restricted)
rElec  .         Spirit   .     j - +0 cloak
rCorr  .         Warding  .     (no gloves)
rMut   .         Stasis   .     (no boots)
MR     .....                    (no amulet)
Stlth  +.........               (no ring)
                                (no ring)

@: infused (expiring), not resistant to hostile enchantments, very unstealthy
A: unfitting armour, cold-blooded, AC +5
a: no special abilities


Innate Abilities, Weirdness & Mutations

Your plain brown scales are hard (AC +5).
Your body does not fit into most forms of armour.
You are cold-blooded and may be slowed by cold attacks.

Inventory:

Hand weapons
 a - a +0 spear (weapon)
Armour
 j - a +0 cloak (worn)
Scrolls
 e - a scroll of teleportation {unknown}
 f - a scroll of immolation {unknown}
 k - a scroll of fog {unknown}
Potions
 d - a potion of curing
 h - a potion of degeneration {unknown}
 i - a potion of invisibility {unknown}
 m - a potion of might {unknown}
Books
 b - a book of Battle

   Spells                             Type                      Level
   a - Infusion                       Charms                       1
   b - Shroud of Golubria             Charms/Translocation         2
   c - Song of Slaying                Charms                       2
   d - Spectral Weapon                Hexes/Charms                 3
   e - Regeneration                   Charms/Necromancy            3
Comestibles
 c - 4 bread rations
 g - a meat ration
 l - 2 chunks of flesh


   Skills:
 - Level 2.1 Fighting
 + Level 3.2 Polearms
 - Level 1.3 Dodging
 + Level 3.0 Spellcasting
 - Level 2.6 Charms


You had 5 spell levels left.
You knew the following spells:

 Your Spells              Type           Power        Failure   Level  Hunger
a - Infusion              Chrm           #.....       10%         1    #......
b - Song of Slaying       Chrm           #.......     14%         2    ##.....


You were on level 2 of the Dungeon.
You were not hungry.

You visited 1 branch of the dungeon, and saw 3 of its levels.

You collected 111 gold pieces.

#.# ##.#########. ####.#####
#.# #. ##........# #.# #.
#.........# ##+## #.
#..##>###.# ##...## #.
#..##.###.# ##.....## #.
#..##..#..# ##.o.....## ##.
#..###....####.........####..
#..#
#.....ยง@o.........'.....
#..###..).####.........####..
#.........# ##.......## ##.
######.#### ##.....## ###.
#...# ##...## #... ###.#
##+## #.#. #.# #.# #.## #.#
#.# #.## #.# ####.#######.#

Notes
Turn   | Place    | Note
--------------------------------------------------------------
     0 | D:1      | ololoev the Draconian Skald began the quest for the Orb.
     0 | D:1      | Reached XP level 1. HP: 17/17 MP: 3/3
   298 | D:1      | Reached XP level 2. HP: 24/24 MP: 5/5
   305 | D:1      | Learned a level 2 spell: Song of Slaying
   969 | D:2      | Reached XP level 3. HP: 29/29 MP: 7/7
  1034 | D:2      | Found a shattered altar of Ashenzari.
  1120 | D:2      | Reached skill level 3 in Polearms
  1590 | D:2      | Killed from afar by an orc priest

Dungeon Overview and Level Annotations

Branches:
Dungeon (3/15)

Altars:
Ashenzari


Message History

The orc wizard hits you but does no damage.
You closely miss the orc priest.
You tail-slap the orc priest, but do no damage.
The orc priest is severely wounded.
The orc priest closely misses you.
The orc wizard hits you but does no damage.
You hit the orc priest.
The orc priest is severely wounded.
The orc priest barely misses you.
The orc wizard hits you but does no damage.
Drink which item? (? for menu, Esc to quit)
It was a potion of curing.
You feel better.
The orc priest hits you but does no damage.
The orc wizard points at you and mumbles some strange words.
The magic dart hits you!
You barely miss the orc priest.
The orc priest is severely wounded.
The orc wizard misses you.
The orc priest looks braver for a moment.
You hit the orc priest but do no damage.
The orc priest is severely wounded.
The orc priest barely misses you. The orc wizard hits you with a dagger.
Drink which item? (? for menu, Esc to quit)
You feel better. The orc wizard misses you. The orc priest barely misses you.
You barely miss the orc priest.
The orc priest is severely wounded.
The orc priest hits you.
The orc wizard hits you but does no damage.
You barely miss the orc priest.
The orc priest is severely wounded.
Your magical infusion is running out.
The orc priest invokes the aid of Beogh against you.
Pain shoots through your body! The orc wizard closely misses you.
You hit the orc priest.
The orc priest is severely wounded.
The orc wizard casts a spell.
The orc wizard blinks!
The orc priest invokes the aid of Beogh against you.
Something smites you!
You die...

You could see an orc priest and an orc wizard.

Vanquished Creatures
  An adder (D:2)
  A worm (D:2)
  2 giant geckos (D:1)
  2 giant cockroaches
  A goblin (D:1)
  8 hobgoblins
  4 jackals (D:2)
  A quokka (D:2)
  8 bats
  7 kobolds
  3 rats
38 creatures vanquished.

Action                   || total
-------------------------++-------
Melee: Spear             ||   166
 Cast: Infusion          ||     3
       Song of Slaying   ||     1
  Use: Potion            ||     2
  Eat: Chunk             ||     2

Vault maps used:
D:1:      dpeg_arrival_simpleton_c
D:2:      nicolae_overflow_crystal_walls
D:3:      gammafunk_temple_overflow_wave, vehumet_altar_wand_db,
          grunt_temple_overflow_open
